 Dungeon Crawl Stone Soup version 0.31-a0-931-g7b59d4eb97 (webtiles) character file.

Game seed: 951279387604186836

463 kae the Vexing (level 6, -3/44 HPs)
             Began as a Demonspawn Enchanter on Oct 19, 2023.
             Slain by a gnoll
             ... wielding a +0 flail
              (7 damage)
             ... on level 4 of the Dungeon.
             The game lasted 00:04:58 (3738 turns).

kae the Vexing (Demonspawn Enchanter)               Turns: 3738, Time: 00:04:58

Health: -3/44      AC:  2    Str:  8    XL:     6   Next: 79%
Magic:  10/10      EV: 17    Int: 18    God:
Gold:   184        SH:  0    Dex: 14    Spells: 2/10 levels left

rFire   . . .        o - +1 dagger (vamp)
rCold   . . .        (no shield)
rNeg    . . .        b - +0 robe
rPois   .            (no helmet)
rElec   .            (no cloak)
rCorr   .            (no gloves)
SInv    .            (no boots)
Will    .....        (no amulet)
Stlth   ++           E - +5 ring of evasion
HPRegen 0.27/turn    (no ring)
MPRegen 0.24/turn

%: no passive effects
@: invisible
A: spiny 1, magic regeneration, weakness stinger 1
a: no special abilities


You were on level 4 of the Dungeon.
You visited 1 branch of the dungeon, and saw 5 of its levels.

You collected 184 gold pieces.


Innate Abilities, Weirdness & Mutations

You are partially covered in sharp spines.
You regenerate magic rapidly.
You have a small tail.


   Skills:
 + Level 2.2 Fighting
 * Level 3.2 Short Blades
 - Level 1.7 Dodging
 + Level 3.7 Stealth
 + Level 2.8 Spellcasting
 * Level 4.6 Hexes
 + Level 1.7 Ice Magic


You had 2 spell levels left.
You knew the following spells:

 Your Spells              Type           Power      Damage    Failure   Level
a - Ensorcelled Hibernat  Hex/Ice        28%        N/A       7%          2
b - Confusing Touch       Hex            19%        N/A       8%          3
c - Tukima's Dance        Hex            19%        N/A       8%          3

Your spell library contained the following spells:

 Spells                   Type           Power      Damage    Failure   Level
 Magic Dart               Conj           8%         1d3       17%         1
 Blink                    Tloc           4%         N/A       26%         2
 Cigotuvi's Dreadful Rot  Necr/Pois/Air  4%         N/A       26%         2
 Searing Ray              Conj           4%         2d4       26%         2
 Dazzling Flash           Conj/Hex       22%        N/A       19%         3
 Fulminant Prism          Conj/Hex       5%         3d7       54%         4
 Dispel Undead            Necr           2%         3d7       86%         4
 Manifold Assault         Tloc           2%         N/A       86%         4
 Death Channel            Necr           1%         N/A       100%        6

Inventory:

Hand Weapons
 a - a +1 dagger
 o - a +1 vampiric dagger (weapon)
   (You found it on level 3 of the Dungeon)
Missiles
 d - 74 stones
 s - 9 boomerangs
Armour
 b - a +0 robe (worn)
Magical Staves
 e - a staff of cold {!a}
   (You found it on level 1 of the Dungeon)
Jewellery
 E - a +5 ring of evasion (left hand)
   (You found it on level 2 of the Dungeon)
Wands
 q - a wand of flame (16)
   (You found it on level 3 of the Dungeon)
Scrolls
 h - 2 scrolls of immolation {!r!r}
 n - a scroll of teleportation {@r4}
Potions
 c - a potion of invisibility
 f - 3 potions of enlightenment
 g - 3 potions of attraction {!q}
 i - a potion of degeneration {!q}
 j - a potion of heal wounds {unknown}
 k - a potion of lignification {unknown}
 l - 2 potions of curing {unknown}
 m - 2 potions of brilliance

Dungeon Overview and Level Annotations

Branches:
Dungeon (5/15) Zot: 26282
 Temple: D:4-7

Altars:
Cheibriados
Okawaru
Qazlal

Annotations:
D:3 3 runed translucent doors, Cris's ghost, amateur DsEE

.#.....#.#.#.######.#.#
#.# .#.......#.#.#
#.#.#####.#
.#.......#.#.#
#.#.......#
.######..#...#
#.######### ....#
#......# #.# ....#
##....#### #.########
....# #..g.g..#
#........# ....#
#.#..##.###########.#
....#
#.#.)##.g@.......##.#
....#
#....>#...######.##.###
....#
#.#...................#
#####
#.###.#.########.##.#.#
#.# #.#.# #.##.#.# #.#
#.#.# #.##.#.# #.#
#.#.# #.##.#.#
#.###.#.# #.##.#.#
#.....#.# #......#


You could see 2 gnolls.


Message History

Things that are here:
a +0 short sword; a kobold corpse
There is a stone staircase leading down here.
Key pressed, stopping explore.
No target in view!
No target in view! 😎 HP[+1]
Your hp is fully restored (44).
Done exploring.
No target in view!
No target in view!
Done exploring.
Done exploring.
Done exploring.
As you read the scroll of identify {@r1}, it crumbles to dust.
g - 3 potions of attraction
As you read the scroll of identify {@r1}, it crumbles to dust.
m - 2 potions of brilliance
As you read the scroll labelled GAHILIKUIC, it crumbles to dust.
You hear a loud clanging noise!
It was a scroll of noise.
Okay, then.
Okay, then.
Done exploring.
Done exploring.
Done exploring.
There is a stone staircase leading down here.
You climb downwards.
The gnoll shouts! x3
There is a stone staircase leading up here.
There are monsters nearby!
The gnoll barely misses you. The gnoll closely misses you.
You climb upwards.
There is a stone staircase leading down here.
Casting: Ensorcelled Hibernation (safe; 7% risk of failure)
Confirm with . or Enter, or press ? or * to list all spells.
Aiming: Ensorcelled Hibernation (safe; 7% risk of failure)
Press: ? - help, Shift-Dir - straight line, f - gnoll
Aim: a gnoll, wielding a +0 whip (chance to affect: 56%)
The gnoll resists with significant effort.
The gnoll hits you with a +0 whip. 😕 HP[-2] MP[-2]
You take 2 damage, and now have 42/44 hp.
You lost 2 mp, and now have 8/10 mp.
Casting: Ensorcelled Hibernation (safe; 7% risk of failure)
Confirm with . or Enter, or press ? or * to list all spells.
Aiming: Ensorcelled Hibernation (safe; 7% risk of failure)
Press: ? - help, Shift-Dir - straight line, f/p - gnoll
Aim: a gnoll, wielding a +0 whip (chance to affect: 56%)
The gnoll looks drowsy... 😕 MP[-2]
You lost 2 mp, and now have 6/10 mp.
Casting: Ensorcelled Hibernation (safe; 7% risk of failure)
Confirm with . or Enter, or press ? or * to list all spells.
You can't see any susceptible monsters within range! (Use Z to cast anyway.)
Casting: Ensorcelled Hibernation (safe; 7% risk of failure)
Confirm with . or Enter, or press ? or * to list all spells.
You can't see any susceptible monsters within range! (Use Z to cast anyway.)
The helpless gnoll fails to defend itself.
You impale the gnoll!!
You feel better.
You kill the gnoll! 😎 HP[+2]
Your hp is fully restored (44).
Done exploring. 😎 MP[+2]
You regained 2 mp, and now have 8/10 mp.
You start resting. 😎 MP[+2]
Your mp is fully restored (10).
You climb downwards.
The adder is struck by your spines. The adder closely misses you.
The gnoll is struck by your spines. The gnoll hits you with a +0 flail!
The gnoll hits you with a +0 spear! The adder closely misses you.
There is a stone staircase leading up, spattered with blood here. 😮 HP[-16]
You take 16 damage, and now have 28/44 hp.
MASSIVE DAMAGE!! (PAUSE)
The adder is struck by your spines. The adder bites you.
The gnoll hits you with a +0 flail!
* * * LOW HITPOINT WARNING * * *
The gnoll is struck by your spines. The gnoll misses you.
The gnoll hits you from afar with a +0 spear.
* * * LOW HITPOINT WARNING * * *
You climb upwards.
There is a stone staircase leading down here.
Unknown command. 😱 HP[-20]
You take 20 damage, and now have 8/44 hp.
MASSIVE DAMAGE!! (PAUSE)
Okay, then.
You fade into invisibility!
The gnoll is struck by your spines. The gnoll hits you with a +0 flail.
* * * LOW HITPOINT WARNING * * *
😱 HP[-6]
You take 6 damage, and now have 2/44 hp.
Unknown command. 😱 HP[+1]
There is a stone staircase leading up here.
The gnoll hits you with a +0 flail!
You die...

Skill      XL: |  1  2  3  4  5  6 |
---------------+-------------------+-----
Short Blades   | 1 2 3 |  3.2
Stealth        | 3 |  3.7
Fighting       | 1 2 |  2.2
Ice Magic      | 1 |  1.7
Hexes          | 4 |  4.6
Dodging        | |  1.7
Spellcasting   | |  2.8

Action                     |  1- 3 |  4- 6 || total
---------------------------+-------+-------++-------
  Melee: Dagger            |   104 |   125 ||   229
         Tailslap          |     5 |    14 ||    19
         Punch             |       |     1 ||     1
   Cast: Ensorcelled Hiber |     2 |    17 ||    19
    Use: Scroll            |     3 |     8 ||    11
         Potion            |       |     1 ||     1
   Stab: Sleeping          |     7 |    20 ||    27
         Distracted        |     1 |     1 ||     2
 Armour: Robe              |    33 |    46 ||    79
  Dodge: Dodged            |    64 |   100 ||   164

Levels and vault maps discovered:
D:1:      minmay_arrival_plants_in_alcoves, layout_basic,
          minmay_misc_feat_rugged, minmay_misc_feat_alley
D:2:      layout_basic
D:3:      layout_rooms, grunt_qazlal_sundering, gammafunk_ghost_nasty_kobolds,
          kennysheep_generic_room_11, uniq_terence
D:4:      layout_basic, nicolae_overflow_crystal_walls,
          mainiacjoe_overflow_boulevard, corexii_checkpoint_a,
          supply_closet_lemuel
D:5:      layout_gridville, good_gods_temple_1,
          minmay_temple_entry_gardened_gates, st_stairs_1, grunt_ministairs_8

Notes
Turn   | Place    | Note
-------+----------+-------------------------------------------
     0 | D:1      | kae the Demonspawn Enchanter began the quest for the Orb.
     0 | D:1      | Reached XP level 1. HP: 13/13 MP: 3/3
     0 | D:1      | magus.rc [v1.11.3]
    30 | D:1      | Reached skill level 1 in Short Blades
    90 | D:1      | Gained mutation: You have a small tail. [demonic ancestry]
    90 | D:1      | Reached XP level 2. HP: 14/20 MP: 5/5
   171 | D:1      | HP: 2/20 [hobgoblin (5)]
   466 | D:1      | Learned a level 2 spell: Ensorcelled Hibernation
   739 | D:1      | Gained mutation: You are partially covered in sharp spines.
                  | [demonic ancestry]
   739 | D:1      | Reached XP level 3. HP: 25/25 MP: 6/6
   743 | D:1      | Learned a level 3 spell: Confusing Touch
  1153 | D:2      | Reached skill level 3 in Stealth
  1205 | D:2      | You add the spells Blink and Manifold Assault to your
                  | library.
  1394 | D:2      | Reached skill level 1 in Fighting
  1592 | D:2      | Reached XP level 4. HP: 32/32 MP: 2/7
  1900 | D:3      | Noticed Terence
  2021 | D:3      | Reached skill level 2 in Short Blades
  2145 | D:3      | Found a stormy altar of Qazlal.
  2189 | D:3      | You pick up a book of Decay and begin reading...
  2189 | D:3      | You add the spells Cigotuvi's Dreadful Rot, Dispel Undead
                  | and Death Channel to your library.
  2346 | D:3      | Killed Terence
  2347 | D:3      | Reached skill level 1 in Ice Magic
  2347 | D:3      | Reached XP level 5. HP: 32/37 MP: 5/8
  2406 | D:3      | Reached skill level 4 in Hexes
  2428 | D:3      | You pick up a book of Conjurations and begin reading...
  2428 | D:3      | You add the spells Magic Dart, Searing Ray and Fulminant
                  | Prism to your library.
  2524 | D:3      | Found a runed translucent gate.
  2524 | D:3      | Found a runed translucent gate.
  2524 | D:3      | Found a runed translucent gate.
  2526 | D:3      | Noticed Cris's ghost (amateur DsEE)
  2539 | D:3      | Learned a level 3 spell: Tukima's Dance
  2614 | D:4      | Found an iron altar of Okawaru.
  2933 | D:4      | Gained mutation: You regenerate magic rapidly. [demonic
                  | ancestry]
  2933 | D:4      | Reached XP level 6. HP: 44/44 MP: 8/10
  2964 | D:4      | Reached skill level 2 in Fighting
  2967 | D:4      | Reached skill level 3 in Short Blades
  3158 | D:4      | Found a snail-covered altar of Cheibriados.
  3709 | D:5      | Entered Level 5 of the Dungeon
  3731 | D:5      | HP: 8/44 [gnoll/+0 spear (5)]
  3733 | D:4      | HP: 2/44 [gnoll/+0 flail (6)]
  3738 | D:4      | Slain by a gnoll

Vanquished Creatures
  A scorpion (D:4)
  2 jellies (D:4)
  3 orc priests (D:4)
  Terence (D:3)
  An orc wizard (D:4)
  A gnoll (D:4)
  10 adders
  2 worms
  2 dart slugs
  10 orcs (D:4)
  5 ball pythons
  3 bats
  7 endoplasms
  9 goblins
  11 hobgoblins
  4 jackals (D:1)
  5 kobolds
  2 quokkas
  6 frilled lizards
  3 rats
88 creatures vanquished.

Table legend:
 A = Non-vault XP
 B = Vault XP
 C = Vault XP percentage of total XP
 D = Non-vault monster count
 E = Vault monster count
 F = Vault count percentage of total count
                 A         B        C        D         E       F
            +---------+---------+-------+---------+---------+-------
      Total |     607 |      55 |   8.3 |      83 |       5 |   5.7
            +---------+---------+-------+---------+---------+-------
        D:1 |      41 |       0 |   0.0 |      21 |       0 |   0.0
        D:2 |      65 |       0 |   0.0 |      16 |       0 |   0.0
        D:3 |     100 |      37 |  27.0 |      21 |       2 |   8.7
        D:4 |     401 |      18 |   4.3 |      25 |       3 |  10.7
            +---------+---------+-------+---------+---------+-------

Skill      XL: |  1  2  3  4  5  6 |
---------------+-------------------+-----
Short Blades   | 1 2 3 |  3.2
Stealth        | 3 |  3.7
Fighting       | 1 2 |  2.2
Ice Magic      | 1 |  1.7
Hexes          | 4 |  4.6
Dodging        | |  1.7
Spellcasting   | |  2.8

Action                     |  1- 3 |  4- 6 || total
---------------------------+-------+-------++-------
  Melee: Dagger            |   104 |   125 ||   229
         Tailslap          |     5 |    14 ||    19
         Punch             |       |     1 ||     1
   Cast: Ensorcelled Hiber |     2 |    17 ||    19
    Use: Scroll            |     3 |     8 ||    11
         Potion            |       |     1 ||     1
   Stab: Sleeping          |     7 |    20 ||    27
         Distracted        |     1 |     1 ||     2
 Armour: Robe              |    33 |    46 ||    79
  Dodge: Dodged            |    64 |   100 ||   164

Illustrated notes

Table legend:
 A = Kills in this place as a percentage of kills in the entire game.
 B = Kills by you in this place as a percentage of kills by you in the entire game.
 C = Kills by friends in this place as a percentage of kills by friends in the entire game.
 D = Other kills in this place as a percentage of other kills in the entire game.
 E = Experience gained in this place as a percentage of experience gained in the entire game.
 F = Experience gained in this place divided by the number of levels of this place that you have seen.
                   A       B       C       D       E      F
               +-------+-------+-------+-------+-------+----------------------
         Total | 100.0 | 100.0 |   N/A |   N/A | 100.0 | 132.4
       Dungeon | 100.0 | 100.0 |   N/A |   N/A | 100.0 | 132.4
               +-------+-------+-------+-------+-------+----------------------

Table legend: (Time is in decaauts)
 A = Elapsed time spent in this place.
 B = Non-inter-level travel time spent in this place.
 C = Inter-level travel time spent in this place.
 D = Time resting spent in this place.
 E = Time spent auto-exploring this place.
 F = Levels seen in this place.
 G = Mean time per level.
                   A        B        C        D        E       F      G
               +--------+--------+--------+--------+--------+-----+--------+
         Total |   3716 |   3563 |    153 |    125 |   2828 |   5 |  743.2 |
       Dungeon |   3716 |   3563 |    153 |    125 |   2828 |   5 |  743.2 |
               +--------+--------+--------+--------+--------+-----+--------+

Top non-repeatable levels by time:
     D:4: 1175 daAuts
     D:1: 1136 daAuts
     D:2: 838 daAuts
     D:3: 561 daAuts
     D:5: 4 daAuts
